 Dungeon Sprint DCSS version 0.27-a0-34-gc18c9092ac (webtiles) character file.

Game seed: 2178579456207062202

22 TheScarfBastard the Chopper (level 2, -4/29 HPs)
             Began as a Gnoll Berserker on Jan 4, 2021.
             Was a Priest of Trog.
             Slain by a worker ant (5 damage)
             ... in the Dungeon (Sprint IX: "|||||||||||||||||||||||||||||").
             The game lasted 00:00:37 (70 turns).

TheScarfBastard the Chopper (Gnoll Berserker)         Turns: 70, Time: 00:00:37

Health: -4/29      AC:  2    Str: 19    XL:     2   Next: 91%
Magic:  4/4        EV: 14    Int:  9    God:    Trog [***...]
Gold:   0          SH:  0    Dex: 14    Spells: 4/4 levels left

rFire    . . .     SeeInvis .   a - +0 hand axe
rCold    . . .     Faith    .   (no shield)
rNeg     . . .     Spirit   .   b - +0 animal skin
rPois    .         Reflect  .   (no helmet)
rElec    .         Harm     .   (no cloak)
rCorr    .         Rampage  .   (no gloves)
Will     .....     NoTele   +   (no boots)
Stlth    ++........             (no amulet)
HPRegen  0.09/turn              (no ring)
MPRegen  0.09/turn              (no ring)

@: lethally poisoned (-4 -> -22)
A: distributed training, fangs 1, strong nose
a: Renounce Religion, Berserk, Trog's Hand


You were in the Dungeon.
You worshipped Trog.
Trog was most pleased with you.
You visited 1 branch

Inventory:

Hand Weapons
 a - a +0 hand axe (weapon)
Armour
 b - a +0 animal skin (worn)
Scrolls
 h - a scroll of blinking
Potions
 e - a potion of haste
 f - 2 potions of magic
 g - a potion of berserk rage


   Skills:
 + Level 6.7 Fighting
 + Level 1.6 Short Blades
 + Level 1.6 Long Blades
 + Level 6.7 Axes
 + Level 1.6 Maces & Flails
 + Level 1.6 Polearms
 + Level 1.6 Staves
 + Level 1.6 Slings
 + Level 1.6 Bows
 + Level 1.6 Crossbows
 + Level 1.6 Throwing
 + Level 4.8 Armour
 + Level 4.8 Dodging
 + Level 1.6 Stealth
 + Level 1.6 Shields
 + Level 1.6 Unarmed Combat
 + Level 1.6 Spellcasting
 + Level 1.3 Conjurations
 + Level 1.3 Hexes
 + Level 1.3 Summonings
 + Level 1.3 Necromancy
 + Level 1.3 Translocations
 + Level 1.3 Transmutations
 + Level 1.3 Fire Magic
 + Level 1.3 Ice Magic
 + Level 1.3 Air Magic
 + Level 1.3 Earth Magic
 + Level 1.3 Poison Magic
 + Level 1.8 Invocations
 + Level 1.6 Evocations


You had 4 spell levels left.
You didn't know any spells.
Your spell library was empty.

Dungeon Overview and Level Annotations

Branches:
Dungeon (1/1)

Altars:


Innate Abilities, Weirdness & Mutations

Your experience applies equally to all skills.
You have very sharp teeth.
Your uncanny sense of smell can sniff out nearby items.


Message History

You are more poisoned.
The worker ant poisons you!
You barely miss the worker ant.
You feel sick. The worker ant bites you!
* * * LOW HITPOINT WARNING * * *
You are more poisoned.
The worker ant poisons you!
You hit the worker ant.
You bite the worker ant, but do no damage.
The worker ant is lightly wounded.
* * * LOW HITPOINT WARNING * * *
You feel sick. The worker ant bites you.
* * * LOW HITPOINT WARNING * * *
You are more poisoned.
The worker ant poisons you!
You hit the worker ant but do no damage.
You bite the worker ant.
The worker ant is moderately wounded.
* * * LOW HITPOINT WARNING * * *
You feel sick. The worker ant bites you.
You die...

▓▓▓▓▓▓▓▓▓▓▓▓▓▓▓▓▓▓
▓<...'.))..@B....+
▓▓▓▓▓▓▓▓▓▓▓▓▓▓▓▓▓▓
∆∆∆∆∆∆∆∆∆∆


You could see a worker ant.

Vanquished Creatures
  An adder (D)
  2 dart slugs (D)
  2 orcs (D)
  A quokka (D)
  A frilled lizard (D)
  2 kobolds (D)
9 creatures vanquished.

Notes
Turn   | Place    | Note
-------+----------+-------------------------------------------
     0 | D        | TheScarfBastard the Gnoll Berserker began the quest for the
                  | Orb.
     0 | D        | Reached XP level 1. HP: 23/23 MP: 1/1
    12 | D        | Reached ** piety under Trog
    13 | D        | Reached skill level 1 in Short Blades
    13 | D        | Reached skill level 1 in Long Blades
    13 | D        | Reached skill level 1 in Maces & Flails
    13 | D        | Reached skill level 1 in Polearms
    13 | D        | Reached skill level 1 in Staves
    13 | D        | Reached skill level 1 in Slings
    13 | D        | Reached skill level 1 in Bows
    13 | D        | Reached skill level 1 in Crossbows
    13 | D        | Reached skill level 1 in Throwing
    13 | D        | Reached skill level 1 in Stealth
    13 | D        | Reached skill level 1 in Shields
    13 | D        | Reached skill level 1 in Unarmed Combat
    13 | D        | Reached skill level 1 in Spellcasting
    13 | D        | Reached skill level 1 in Invocations
    13 | D        | Reached skill level 1 in Evocations
    16 | D        | Reached XP level 2. HP: 29/29 MP: 1/3
    53 | D        | Reached *** piety under Trog
    54 | D        | Reached skill level 1 in Conjurations
    54 | D        | Reached skill level 1 in Hexes
    54 | D        | Reached skill level 1 in Summonings
    54 | D        | Reached skill level 1 in Necromancy
    54 | D        | Reached skill level 1 in Translocations
    54 | D        | Reached skill level 1 in Transmutations
    54 | D        | Reached skill level 1 in Fire Magic
    54 | D        | Reached skill level 1 in Ice Magic
    54 | D        | Reached skill level 1 in Air Magic
    54 | D        | Reached skill level 1 in Earth Magic
    54 | D        | Reached skill level 1 in Poison Magic
    70 | D        | HP: 1/29 [poisoned by a worker ant]
    70 | D        | Slain by a worker ant

Illustrated notes

Levels and vault maps discovered:
D:        linesprint [early_d, line_temple, items_1, d_10, items_2, lair_1,
          lair_end, items_3, orc_1, orc_end, items_4, d_15, swamp_1, shoals_1,
          snake_1, spider_1, d_20, vaults_1, items_5, swamp_end, shoals_end,
          snake_end, spider_end, vaults_end, d_27, items_6, zot_1, zot_end,
          crypt_end, forest_end, elf_end, slime_end, tomb_end, abyss_end,
          pan_hell_end]

Skill      XL: |  1  2 |
---------------+-------+-----
Short Blades   | 1 |  1.6
Long Blades    | 1 |  1.6
Maces & Flails | 1 |  1.6
Polearms       | 1 |  1.6
Staves         | 1 |  1.6
Slings         | 1 |  1.6
Bows           | 1 |  1.6
Crossbows      | 1 |  1.6
Throwing       | 1 |  1.6
Stealth        | 1 |  1.6
Shields        | 1 |  1.6
Unarmed Combat | 1 |  1.6
Spellcasting   | 1 |  1.6
Invocations    | 1 |  1.8
Evocations     | 1 |  1.6
Conjurations   | 1 |  1.3
Hexes          | 1 |  1.3
Summonings     | 1 |  1.3
Necromancy     | 1 |  1.3
Translocations | 1 |  1.3
Transmutations | 1 |  1.3
Fire Magic     | 1 |  1.3
Ice Magic      | 1 |  1.3
Air Magic      | 1 |  1.3
Earth Magic    | 1 |  1.3
Poison Magic   | 1 |  1.3
Fighting       | |  6.7
Axes           | |  6.7
Armour         | |  4.8
Dodging        | |  4.8

Action                   || total
-------------------------++-------
Melee: Hand axe          ||    40
       Bite              ||     7
  Use: Potion            ||     2
Armor: Animal skin       ||     2
Dodge: Dodged            ||    23

Table legend: (Time is in decaauts)
 A = Elapsed time spent in this place.
 B = Non-inter-level travel time spent in this place.
 C = Inter-level travel time spent in this place.
 D = Time resting spent in this place.
 E = Time spent auto-exploring this place.
 F = Levels seen in this place.
 G = Mean time per level.
                   A        B        C        D        E       F      G
               +--------+--------+--------+--------+--------+-----+--------+
         Total |     68 |     68 |      0 |     17 |      0 |   1 |   68.0 |
       Dungeon |     68 |     68 |      0 |     17 |      0 |   1 |   68.0 |
               +--------+--------+--------+--------+--------+-----+--------+

Top non-repeatable levels by time:
       D: 68 daAuts
